 Dungeon Crawl Stone Soup version 0.26-a0-652-gafc20e3620 (webtiles) character file.

Game seed: 13182456007268487719

2766 looop the Destroyer (level 9, 0/61 HPs)
             Began as an Octopode Conjurer on Oct 3, 2020.
             Was a Believer of Sif Muna.
             Slain by an orc wizard
             ... wielding a +2 dagger of draining
              (1 damage)
             ... on level 8 of the Dungeon.
             The game lasted 00:15:52 (7512 turns).

looop the Destroyer (Octopode Conjurer)             Turns: 7512, Time: 00:15:53

Health: 0/61       AC:  1    Str:  6    XL:     9   Next: 69%
Magic:  3/15       EV: 13    Int: 24    God:    Sif Muna [**....]
Gold:   449        SH:  0    Dex: 10    Spells: 5/16 levels left

rFire    . . .     SeeInvis +   w - +0 long sword (vamp)
rCold    . . .     Faith    .   (no shield)
rNeg     . . .     Spirit   .   (helmet restricted)
rPois    .         Reflect  .   (no amulet)
rElec    .         Harm     .   d - ring of wizardry
rCorr    .         Rampage  .   s - ring of see invisible
MR       .....                  (no ring)
Stlth    +++.......             (no ring)
HPRegen  0.20/turn              (no ring)
MPRegen  0.14/turn              (no ring)
                                (no ring)
                                (no ring)

@: mighty, lethally poisoned (0 -> -2), very slightly contaminated
A: almost no armour, stealthy swim, amphibious, 8 rings, constrict 8, camouflage
1, gelatinous body 1
a: Channel Magic, Renounce Religion


You were on level 8 of the Dungeon.
You worshipped Sif Muna.
Sif Muna was pleased with you.
You visited 1 branch of the dungeon, and saw 8 of its levels.

You collected 449 gold pieces.

Inventory:

Hand Weapons
 a - a +0 quarterstaff
 b - a +0 hunting sling
 w - a +0 vampiric long sword (weapon)
Missiles
 c - 127 sling bullets
 h - 71 poisoned darts (quivered)
 q - 3 boomerangs
 r - 2 throwing nets
Magical Staves
 z - an uncursed staff of poison
Jewellery
 d - a ring of wizardry (left tentacle)
 s - a ring of see invisible (right tentacle)
 u - an uncursed ring of flight {unknown}
Scrolls
 f - 5 scrolls of remove curse
 g - 6 scrolls of teleportation
 i - a scroll of magic mapping
 j - 2 scrolls of blinking {unknown}
 l - a scroll of noise {unknown}
 p - 5 scrolls of fog
 v - 2 scrolls of amnesia {unknown}
 x - 2 scrolls of fear {unknown}
 y - a scroll of enchant weapon {unknown}
Potions
 e - 2 potions of flight
 k - a potion of stabbing
 n - a potion of magic
 o - a potion of cancellation {unknown}
 t - a potion of brilliance {unknown}


   Skills:
 + Level 5.2 Fighting
 - Level 2.0 Dodging
 - Level 2.6 Stealth
 - Level 4.0 Spellcasting
 * Level 10.2 Conjurations
 - Level 2.0 Hexes
 - Level 2.0 Translocations
 + Level 5.3 Invocations


You had 5 spell levels left.
You knew the following spells:

 Your Spells              Type           Power        Failure   Level
a - Magic Dart            Conj           ####         1%          1
b - Searing Ray           Conj           ######       1%          2
c - Iskenderun's Mystic   Conj/Tloc      ####....     3%          4
d - Fulminant Prism       Conj/Hex       ####......   3%          4

Your spell library contained the following spells:

 Spells                   Type           Power        Failure   Level
 Apportation              Tloc           ##....       1%          1
 Corona                   Hex            ##.....      1%          1
 Dazzling Flash           Conj/Hex       ####..       1%          3
 Animate Skeleton         Necr           #.....       4%          1
 Summon Small Mammal      Summ           #...         4%          1


Dungeon Overview and Level Annotations

Branches:
Dungeon (8/15)             Temple (0/1) D:5
   Lair: D:8-11

Altars:
Fedhas
Gozag
Hepliaklqana
Ru
Sif Muna
Xom
Yredelemnul
Zin

Shops:
D:5 *


Innate Abilities, Weirdness & Mutations

You cannot wear most types of armour.
You are very stealthy in the water. (Stealth+)
You are amphibious.
You can wear up to eight rings at the same time.
You can use your tentacles to constrict eight enemies at once.
Your skin changes colour to match your surroundings (Stealth+).
Your rubbery body absorbs attacks. (AC +1, EV +1)


Message History

Aim: an orc wizard, wielding a +2 dagger of draining and wearing a +0 robe (severely wounded)
Okay, then.
Casting: Searing Ray (safe; 1% risk of failure)
Confirm with . or Enter, or press ? or * to list all spells.
You miscast Iskenderun's Mystic Blast.
You are very lightly contaminated with residual magic.
Nothing appears to happen.
* * * LOW HITPOINT WARNING * * *
You feel sick. The orc wizard casts a spell at you.
You easily resist.
You hear a bark!
Casting: Iskenderun's Mystic Blast (dangerous; 3% risk of failure)
Confirm with . or Enter, or press ? or * to list all spells.
You don't have enough magic to cast that spell.
Unknown command.
It was a potion of might.
You feel very mighty all of a sudden.
The orc wizard hits you with a +2 dagger of draining.
You die...

*,,** **,,,,,,**
*,,,*,*,,**,* *,,*
*,,,,,...## **,,,,*,**,,*,
,,,*
**,,,**#...#**,,**,*,,*,**,
,,,****,,,**
#...#*,,,**,**,,**,,
,,,,**,,,**
#...#*,,,,,,,***,,,*
*,,,,,,,**
#...**,,,#,,,,,,****
****,,,**
#?.#***,.#*****,,,,, *****
#..##*,..# ******
#..@##...# #..†o/...# *
#......=## **
######.[.....# * ,**
##.....)##....# ** *,**
#..##)..####### *, **,**
*#<#####.(#* *, **>**#.##
##(.# ** **,*#.* ####


You could see an orc wizard.

Vanquished Creatures
  Joseph (D:8)
  A hippogriff (D:5)
  An orc warrior (D:6)
  3 ice beasts
  2 sky beasts
  3 phantoms
  2 ogres
  2 centaurs
  2 bullfrogs
  A scorpion (D:4)
  A water moccasin skeleton (D:7)
  A bullfrog zombie (D:6)
  2 bullfrog skeletons
  7 orc priests
  3 hounds
  Jessica (D:2)
  An iguana (D:4)
  6 orc wizards
  3 worker ants
  7 adders
  3 gnolls (D:4)
  A shadow imp (D:6)
  3 white imps
  An adder zombie (D:5)
  An ooze (D:2)
  4 worms
  3 dart slugs
  3 leopard geckos
  21 orcs
  7 giant cockroaches
  4 goblins
  14 hobgoblins
  3 jackals
  8 kobolds
  2 quokkas (D:3)
  2 ball pythons
  12 bats
  4 frilled lizards
  A leopard gecko skeleton (D:7)
  4 rats
151 creatures vanquished.

Vanquished Creatures (others)
  11 fulminant prisms
11 creatures vanquished.

Grand Total: 162 creatures vanquished

Notes
Turn   | Place    | Note
-------+----------+-------------------------------------------
     0 | D:1      | looop the Octopode Conjurer began the quest for the Orb.
     0 | D:1      | Reached XP level 1. HP: 11/11 MP: 3/3
   173 | D:1      | Reached XP level 2. HP: 17/17 MP: 1/5
   266 | D:1      | Learned a level 2 spell: Searing Ray
   756 | D:1      | Reached XP level 3. HP: 21/21 MP: 4/6
  1235 | D:2      | Noticed Jessica
  1236 | D:2      | Killed Jessica
  1236 | D:2      | Reached skill level 5 in Conjurations
  1236 | D:2      | Reached XP level 4. HP: 27/27 MP: 4/8
  1387 | D:2      | Learned a level 4 spell: Iskenderun's Mystic Blast
  1467 | D:2      | Found a sacrificial altar of Ru.
  1471 | D:2      | Found a basalt altar of Yredelemnul.
  1471 | D:2      | Found a shimmering blue altar of Sif Muna.
  1484 | D:2      | Found a glowing silver altar of Zin.
  1488 | D:2      | Found a blossoming altar of Fedhas.
  1496 | D:2      | Became a worshipper of Sif Muna the Loreminder
  2444 | D:3      | Reached XP level 5. HP: 31/31 MP: 9/9
  2507 | D:3      | Reached * piety under Sif Muna
  3177 | D:4      | Reached skill level 6 in Conjurations
  3306 | D:4      | Noticed a sky beast
  3312 | D:4      | Killed a sky beast
  3312 | D:4      | Reached XP level 6. HP: 36/36 MP: 3/11
  3765 | D:4      | Found an opulent altar of Gozag.
  3888 | D:4      | Reached skill level 1 in Invocations
  3896 | D:4      | Learned a level 4 spell: Fulminant Prism
  4055 | D:5      | Entered Level 5 of the Dungeon
  4110 | D:5      | Reached XP level 7. HP: 16/41 MP: 4/13
  4544 | D:5      | Reached skill level 7 in Conjurations
  4557 | D:5      | Found Liomulon's Assorted Antiques.
  4648 | D:5      | Reached skill level 1 in Translocations
  4648 | D:5      | Reached skill level 1 in Fighting
  4648 | D:5      | Reached skill level 1 in Hexes
  4882 | D:5      | Found a staircase to the Ecumenical Temple.
  5144 | D:5      | Noticed a hippogriff
  5153 | D:5      | Killed a hippogriff
  5153 | D:5      | Reached XP level 8. HP: 48/50 MP: 6/14
  5208 | D:5      | Found a shimmering altar of Xom.
  5209 | D:5      | Found a hazy altar of Hepliaklqana.
  5210 | D:5      | Noticed a spectral ugly thing
  5354 | D:5      | Reached skill level 8 in Conjurations
  5946 | D:6      | Reached ** piety under Sif Muna
  6127 | D:6      | Reached skill level 9 in Conjurations
  6144 | D:6      | Reached XP level 9. HP: 11/58 MP: 2/15
  7467 | D:8      | Noticed Joseph
  7473 | D:8      | Killed Joseph
  7473 | D:8      | Reached skill level 5 in Fighting
  7473 | D:8      | Reached skill level 10 in Conjurations
  7473 | D:8      | Reached skill level 5 in Invocations
  7509 | D:8      | HP: 2/61 [orc wizard/puff of flame (10)]
  7512 | D:8      | Slain by an orc wizard

Illustrated notes

Levels and vault maps discovered:
D:1:      saegor_arrival_under_anarchy, layout_basic
D:2:      layout_basic, minmay_overflow_temple_star_hex, serial_glass,
          glass_columns_b, glass_columns_c, due_unseen_surprise,
          minmay_strange_pillars, uniq_jessica
D:3:      layout_loops_cross
D:4:      layout_loops_ring, grunt_gozag_breadcrumbs
D:5:      layout_gridville, regret_index_temple_of_mockery,
          minmay_temple_entry_hall, serial_shops, kennysheep_mini_moat
D:6:      layout_rooms, item_on_display_a
D:7:      layout_cave_pools
D:8:      layout_layer_cave, enter_ossuary_4, minmay_alternating_orb,
          uniq_joseph

Skill      XL: |  1  2  3  4  5  6  7  8  9 |
---------------+----------------------------+-----
Conjurations   | 5 6 7 9 10 | 10.2
Spellcasting   | 3 4 |  4.0
Invocations    | 1 2 4 5 |  5.3
Translocations | 2 |  2.0
Fighting       | 2 4 5 |  5.2
Hexes          | 2 |  2.0
Dodging        | |  2.0
Stealth        | |  2.6

Action                   |  1- 3 |  4- 6 |  7- 9 || total
-------------------------+-------+-------+-------++-------
Melee: Unarmed           |    19 |     5 |       ||    24
       Constrict         |     2 |     3 |    10 ||    15
       Dagger            |       |    11 |       ||    11
       Tentacles         |       |     2 |     6 ||     8
       Quarterstaff      |       |     3 |    28 ||    31
       Long sword        |       |       |    13 ||    13
 Fire: Hunting sling     |     3 |    72 |    19 ||    94
Throw: Dart              |       |       |     4 ||     4
 Cast: Magic Dart        |    33 |    36 |     4 ||    73
       Searing Ray       |     1 |    23 |    38 ||    62
       Fulminant Prism   |       |     1 |    10 ||    11
       Iskenderun's Myst |       |       |     3 ||     3
Invok: Channel Magic     |       |       |     1 ||     1
  Use: Scroll            |       |       |     8 ||     8
       Potion            |       |       |     2 ||     2
 Stab: Sleeping          |       |       |     1 ||     1
Armor: Skin              |     7 |     3 |     5 ||    15
Dodge: Dodged            |    28 |    21 |    63 ||   112
       Rpst.: Long sword |       |       |     6 ||     6

Table legend: (Time is in decaauts)
 A = Elapsed time spent in this place.
 B = Non-inter-level travel time spent in this place.
 C = Inter-level travel time spent in this place.
 D = Time resting spent in this place.
 E = Time spent auto-exploring this place.
 F = Levels seen in this place.
 G = Mean time per level.
                   A        B        C        D        E       F      G
               +--------+--------+--------+--------+--------+-----+--------+
         Total |   7527 |   7287 |    240 |   1540 |   4746 |   8 |  940.9 |
       Dungeon |   7527 |   7287 |    240 |   1540 |   4746 |   8 |  940.9 |
               +--------+--------+--------+--------+--------+-----+--------+

Top non-repeatable levels by time:
     D:5: 1959 daAuts
     D:1: 1200 daAuts
     D:4: 1073 daAuts
     D:3: 1033 daAuts
     D:6: 790 daAuts
     D:2: 748 daAuts
     D:7: 672 daAuts
     D:8: 48 daAuts
